 Adventure DCSS version bcrawl-1.18.1 (webtiles) character file.

Game seed: 1709225561787730903

3 Leeroy the Conjurer (level 1, 9/9 HPs)
             Began as a Felid Conjurer on Nov 10, 2019.
             Quit the game on level 1 of the Dungeon.
             The game lasted 00:02:00 (737 turns).

Leeroy the Conjurer (Felid Conjurer)                 Turns: 737, Time: 00:02:00

Health: 9/9        AC:  1    Str:  4    XL:     1   Next: 50%
Magic:  5/5        EV: 18    Int: 16    God:
Gold:   88         SH:  0    Dex: 16    Spells: 4/5 levels left
                                        Lives:  1   Deaths: 1

rFire    . . .     SeeInvis +   (weapon unavailable)
rCold    . . .     Gourm    .   (shield unavailable)
rNeg     . . .     Faith    .   (armour unavailable)
rPois    .         Spirit   .   (helmet unavailable)
rElec    .         Reflect  .   (cloak restricted)
rCorr    .         Harm     .   (gloves unavailable)
MR       .....                  (boots unavailable)
Stlth    +++.......             (no amulet)
HPRegen  0.03/turn              (no ring)
MPRegen  0.09/turn              (no ring)

@: quick
A: very small, no armour, no weapons or thrown items, stealth, claws 1, fangs 3,
see invisible, carnivore, speed 1, shaggy fur 1, slow metabolism 1, sharp paws
a: no special abilities


You were on level 1 of the Dungeon.
You were not hungry.

You visited 1 branch of the dungeon, and saw 1 of its levels.

You collected 88 gold pieces.

Inventory:

Missiles
 a - 106 stones
Scrolls
 d - 2 scrolls of teleportation {unknown}
Potions
 b - a potion of magic
 e - 2 potions of agility {unknown}
 f - a potion of cancellation {unknown}
 g - 2 potions of invisibility {unknown}
Comestibles
 c - a ration {!d}


   Skills:
 - Level 2.6 Dodging
 - Level 3.1 Stealth
 - Level 0.2 Unarmed Combat
 - Level 2.5 Spellcasting
 + Level 4.1 Conjurations


You had 4 spell levels left.
You knew the following spells:

 Your Spells              Type           Power        Failure   Level  Hunger
a - Magic Dart            Conj           ###.         3%          1    #......

Your spell library contained the following spells:

 Spells                   Type           Power        Failure   Level  Hunger
 Searing Ray              Conj           ###...       5%          2    ##.....
 Iskenderun's Mystic Bla  Conj           ###.....     11%         3    ###....
 Fulminant Prism          Conj/Hex       #.........   63%         4    #####..
 Irradiate                Conj/Tmut      #.........   93%         5    ######.


Dungeon Overview and Level Annotations

Branches:
Dungeon (1/12)

Altars:


Innate Abilities, Weirdness & Mutations

You cannot wear almost all types of armour.
You are incapable of wielding weapons or throwing items.
Your paws allow you to move quietly. (Stealth)
You have sharp claws.
You have razor-sharp teeth.
You have supernaturally acute eyesight. (SInv)
You are carnivorous and can eat meat at any time.
You cover ground quickly.
You are covered in fur. (AC +1)
You have a slow metabolism.
Your sharp claws are effective at attacking unaware monsters.


Message History

* * * LOW HITPOINT WARNING * * *
The jackal barely misses you. The jackal closely misses you. x2
You closely miss the jackal. You bite the jackal.
You kill the jackal!
The jackal completely misses you. The jackal misses you.
The jackal closely misses you. The rat misses you.
The jackal barely misses you. The jackal bites you.
* * * LOW HITPOINT WARNING * * *
The jackal completely misses you.
You scratch the jackal.
The jackal is moderately wounded.
The rat closely misses you. The jackal bites you.
You die...
The jackal bites you but does no damage.
The jackal misses you.
You're not done yet!
You are now level 1!
You rejoin the land of the living...
Found a scroll labeled UNEADGH WEYTIFYCW.
Are you sure you want to abandon this character and quit the game? (Confirm with "yes".)

####.##..# #.....#
#.# #####.# #.. #.##
#.# #####..######..
#[..........#.##
#..............
#....†......#.######.
#######'#####@.......
#..# #..###### ##.#
#..# #.## #?.. #..#
#.### ##.# #.# #.#
#.# #.###.# #..# #


There were no monsters in sight!

Vanquished Creatures
  An ooze (D:1)
  A dart slug (D:1)
  A giant cockroach (D:1)
  3 goblins (D:1)
  A hobgoblin (D:1)
  A jackal (D:1)
  2 bats (D:1)
  A frilled lizard (D:1)
  A kobold (D:1)
  A rat (D:1)
13 creatures vanquished.

Notes
Turn   | Place    | Note
-------+----------+-------------------------------------------
     0 | D:1      | Leeroy the Felid Conjurer began the quest for the Orb.
     0 | D:1      | Reached XP level 1. HP: 9/9 MP: 4/4
   111 | D:1      | Reached XP level 2. HP: 13/13 MP: 4/6
   403 | D:1      | Reached skill level 4 in Conjurations
   736 | D:1      | Slain by a jackal
   737 | D:1      | Reached XP level 1. HP: 0/9 MP: 5/5
   737 | D:1      | Quit the game

Skill      XL: |  1  2 |
---------------+-------+-----
Conjurations   | 4 |  4.1
Dodging        | |  2.6
Stealth        | |  3.1
Unarmed Combat | |  0.2
Spellcasting   | |  2.5

Action                   || total
-------------------------++-------
Melee: Unarmed           ||    59
       Bite              ||     4
 Cast: Magic Dart        ||     6
 Stab: Sleeping          ||     2
Armor: Skin              ||     3
Dodge: Dodged            ||    75
